 Dungeon Crawl Stone Soup version 0.29.0 (webtiles) character file.

Game seed: 3354781512845868935

33 Dorkslayer the Trooper (level 3, -6/33 HPs)
             Began as a Hill Orc Fighter on Sept 17, 2022.
             Mangled by a gnoll
             ... wielding a +3 flail of protection
              (9 damage)
             ... on level 2 of the Dungeon.
             The game lasted 00:01:48 (1164 turns).

Dorkslayer the Trooper (Hill Orc Fighter)           Turns: 1164, Time: 00:01:48

Health: -6/33      AC:  6    Str: 20    XL:     3   Next: 29%
Magic:  3/3        EV:  9    Int:  8    God:
Gold:   153        SH:  4    Dex: 10    Spells: 2/2 levels left

rFire   . . .      SeeInvis .   a - +0 war axe
rCold   . . .      Faith    .   c - +0 buckler
rNeg    . . .      Spirit   .   b - +0 scale mail
rPois   .          Reflect  .   (no helmet)
rElec   .          Harm     .   (no cloak)
rCorr   .          Rampage  .   (no gloves)
Will    .....                   (no boots)
Stlth   ..........              (no amulet)
HPRegen 0.11/turn               (no ring)
MPRegen 0.08/turn               (no ring)

@: no status effects
A: no striking features
a: no special abilities


You were on level 2 of the Dungeon.
You visited 1 branch of the dungeon, and saw 2 of its levels.

You collected 153 gold pieces.

Inventory:

Hand Weapons
 a - a +0 war axe (weapon)
Missiles
 j - 6 javelins (quivered)
Armour
 b - a +0 scale mail (worn)
 c - a +0 buckler (worn)
Scrolls
 e - a scroll of teleportation {unknown}
 g - a scroll of immolation {unknown}
 i - 3 scrolls of butterflies {unknown}
 k - a scroll of noise {unknown}
 l - a scroll of identify {unknown}
 n - a scroll of fear {unknown}
Potions
 d - a potion of might
 f - 2 potions of lignification {unknown}
 h - a potion of curing {unknown}
 m - a potion of heal wounds {unknown}


   Skills:
 * Level 4.2 Fighting
 + Level 3.2 Axes
 + Level 3.5 Armour
 * Level 0.7 Dodging
 + Level 3.5 Shields


You had 2 spell levels left.
You didn't know any spells.
Your spell library was empty.

Dungeon Overview and Level Annotations

Branches:
Dungeon (2/15)

Altars:

Shops:
D:1 [   D:2 =


Message History

The gnoll is almost dead.
The gnoll hits you with a +0 vampiric spear!
The gnoll barely misses you.
You slash the gnoll!
You kill the gnoll!
Your Axes skill increases to level 3!
You have reached level 3!
Your experience leads to an increase in your attributes!
Increase (S)trength, (I)ntelligence, or (D)exterity?
You feel stronger. x2
The gnoll hits you but does no damage.
Things that are here:
a +0 vampiric spear; a gnoll corpse You hit the gnoll but do no damage.
The gnoll hits you with a +3 flail of protection.
The gnoll barely misses you.
You hit the gnoll but do no damage. You block the gnoll's attack.
You hit the gnoll.
The gnoll is lightly wounded.
The gnoll closely misses you.
You closely miss the gnoll.
The gnoll is lightly wounded.
The gnoll barely misses you.
The gnoll hits you with a +3 flail of protection.
You closely miss the gnoll.
The gnoll is lightly wounded.
The gnoll closely misses you.
You closely miss the gnoll.
The gnoll is lightly wounded.
The gnoll hits you with a +3 flail of protection.
You slash the gnoll!
The gnoll is almost dead.
The gnoll hits you with a +3 flail of protection!
* * * LOW HITPOINT WARNING * * *
The gnoll hits you with a +3 flail of protection.
* * * LOW HITPOINT WARNING * * *
You completely miss the gnoll.
The gnoll is almost dead.
The gnoll hits you with a +3 flail of protection!
You die...

################
#.......@ggg...#
#..##########..#
#..# ###..######
#...........
##.#..#######
#.........
#..#..####
#..#..#


You could see 3 gnolls.

Vanquished Creatures
  A gnoll (D:2)
  A dart slug (D:1)
  A ball python (D:1)
  3 endoplasms (D:1)
  A giant cockroach (D:2)
  5 goblins
  2 hobgoblins (D:1)
  A quokka (D:1)
  A bat (D:1)
  2 frilled lizards (D:1)
  2 rats
20 creatures vanquished.

Vanquished Creatures (others)
  A plant (D:1)
1 creature vanquished.

Grand Total: 21 creatures vanquished

Notes
Turn   | Place    | Note
-------+----------+-------------------------------------------
     0 | D:1      | Dorkslayer the Hill Orc Fighter began the quest for the
                  | Orb.
     0 | D:1      | Reached XP level 1. HP: 19/19 MP: 1/1
   192 | D:1      | Found Wuczaxoq's Armour Shoppe.
   229 | D:1      | Found a faded altar of an unknown god.
   250 | D:1      | Reached XP level 2. HP: 26/27 MP: 2/2
   717 | D:1      | Reached skill level 4 in Fighting
  1078 | D:2      | Found Odutass's Jewellery Shoppe.
  1156 | D:2      | Reached XP level 3. HP: 25/33 MP: 3/3
  1164 | D:2      | Mangled by a gnoll

Illustrated notes

Levels and vault maps discovered:
D:1:      psy_arrival_conway, layout_loops_cross, basic_ecumenical_altar,
          serial_shops, shop
D:2:      layout_loops_ring, serial_shops, shop_coins

Skill      XL: |  1  2 |
---------------+-------+-----
Fighting       | 4 |  4.2
Axes           | 3 |  3.2
Armour         | |  3.5
Dodging        | |  0.7
Shields        | |  3.5

Action                   || total
-------------------------++-------
Melee: War axe           ||    73
Armor: Scale mail        ||    32
Dodge: Dodged            ||    33
Block: Buckler           ||    19
